 Dungeon Crawl Stone Soup version 0.18-a0-1788-g92de1ac (webtiles) character file.

141 nono the Cutter (level 5, -1/35 HPs)
             Began as a Halfling Fighter on Apr 19, 2016.
             Killed from afar by an orc wizard (9 damage)
             ... with a magic dart
             ... on level 4 of the Dungeon.
             The game lasted 00:06:46 (1575 turns).

nono the Cutter (Halfling Fighter)                  Turns: 1575, Time: 00:06:46

Health: -1/35      AC: 12    Str: 21    XL:     5   Next: 48%
Magic:  5/5        EV:  7    Int:  7    God:
Gold:   63         SH: 10    Dex: 15    Spells: 0 memorised, 4 levels left

rFire  . . .     SeeInvis .     a - +0 rapier
rCold  . . .     Gourm    .     n - +0 chain mail
rNeg   . . .     Faith    .     c - +0 shield
rPois  .         Spirit   .     (no helmet)
rElec  .         Dismiss  .     (no cloak)
rCorr  .         Reflect  .     i - +2 pair of gloves
SustAt .         Harm     .     (no boots)
MR     .....                    (no amulet)
Stlth  ..........               (no ring)
                                (no ring)

@: mighty, not resistant to hostile enchantments, extremely unstealthy
A: mutation resistance 1
a: no special abilities


You were on level 4 of the Dungeon.
You were not hungry.

You visited 1 branch of the dungeon, and saw 3 of its levels.

You collected 63 gold pieces.

Inventory:

Hand Weapons
 a - a +0 rapier (weapon)
Armour
 b - a +0 scale mail
 c - a +0 shield (worn)
 i - a +2 pair of gloves (worn)
 n - a +0 chain mail (worn)
Scrolls
 g - 2 scrolls of remove curse {unknown}
 j - a scroll of recharging {unknown}
 k - 2 scrolls of enchant weapon {unknown}
 l - a scroll of identify {unknown}
 q - a scroll of immolation {unknown}
 s - a scroll of amnesia {unknown}
Potions
 d - a potion of might
 e - a potion of degeneration {unknown}
 m - a potion of curing {unknown}
 o - a potion of agility {unknown}
 r - a potion of mutation {unknown}
Comestibles
 f - a bread ration
 h - 2 beef jerkies
 p - 4 fruits
 t - a meat ration


   Skills:
 - Level 2.6 Fighting
 + Level 4.5 Short Blades
 + Level 4.5 Armour
 - Level 0.2 Dodging
 + Level 4.3 Shields


You had 4 spell levels left.
You didn't know any spells.

Dungeon Overview and Level Annotations

Branches:
Dungeon (2/15)

Altars:
Okawaru


Innate Abilities, Weirdness & Mutations

You are small and have problems with some larger weapons.
You are somewhat resistant to further mutation.


Message History

You puncture the giant frog skeleton!
You block the giant frog skeleton's attack.
You completely miss the giant frog skeleton.
The giant frog skeleton hits you but does no damage.
You hit the giant frog skeleton.
You block the giant frog skeleton's attack.
The giant frog skeleton barely misses you.
You puncture the giant frog skeleton!
You destroy the giant frog skeleton!
The orc wizard hits you but does no damage.
You hit the orc wizard but do no damage.
The orc wizard gestures wildly while chanting.
The orc wizard blinks!
You puncture the orc!
You kill the orc!
You puncture the orc!
You kill the orc!
The orc wizard casts a spell at you. The magic dart hits you!
You die...

.......#.###
.......$...
.......#.##
#.....)...#
#....###ยง.# #.# #..#
##. #.o######.##.
.....####............
#.....@)...#####.###
#########..# #..#
#..# #..# #..# #..#
#..# #..#


You could see an orc wizard.

Vanquished Creatures
  An orc priest (D:4)
  A giant frog skeleton (D:4)
  An adder (D:2)
  2 oozes (D:2)
  A worm (D:2)
  4 dart slugs (D:1)
  4 giant geckos
  2 orcs (D:4)
  A giant cockroach (D:2)
  5 goblins
  6 hobgoblins
  7 jackals
  3 bats (D:1)
  3 giant newts (D:2)
  4 kobolds
  7 rats
52 creatures vanquished.

Notes
Turn   | Place    | Note
--------------------------------------------------------------
     0 | D:1      | nono the Halfling Fighter began the quest for the Orb.
     0 | D:1      | Reached XP level 1. HP: 15/15 MP: 1/1
    90 | D:1      | Reached XP level 2. HP: 16/20 MP: 2/2
   226 | D:1      | Reached XP level 3. HP: 25/25 MP: 3/3
   512 | D:1      | You fall through a shaft!
   715 | D:2      | Found an iron altar of Okawaru.
   851 | D:2      | Reached XP level 4. HP: 26/30 MP: 4/4
  1537 | D:2      | You fall through a shaft for 2 floors!
  1562 | D:4      | Reached XP level 5. HP: 7/35 MP: 5/5
  1575 | D:4      | Killed from afar by an orc wizard

Vault maps used:
D:1:      lemuel_arrival_tunnels, minivault_24
D:2:      kennysheep_six_static_rooms, grunt_temple_overflow_octagram,
          okawaru_gym_becter
D:4:      first_bread, uniq_pikel

Skill      XL: |  1  2  3  4 |
---------------+-------------+-----
Short Blades   | 3 4 |  4.5
Armour         | 4 |  4.5
Shields        | 4 |  4.3
Fighting       | |  2.6
Dodging        | |  0.2

Action                   |  1- 3 |  4- 6 || total
-------------------------+-------+-------++-------
Melee: Rapier            |   105 |    77 ||   182
  Use: Potion            |       |     1 ||     1
  Eat: Chunk             |       |     2 ||     2
Armor: Scale mail        |    38 |       ||    38
       Chain mail        |       |    39 ||    39
Dodge: Dodged            |    36 |    12 ||    48
Block: Shield            |    47 |    34 ||    81
